cohdb
Replays
Latest Replays
All Replays
Popular Replays
Top Player Replays
Match Explorer
How It Works
Community
CoH3 Stats
Reddit
Sign in to upload your games and track your stats! →
Sign in with Steam
Match 42101804
Unlisted
Match 42101804
Overview
Messages
Build Orders
End
Construct Infanterie Kompanie
Kettenkrad Recon Vehicle
Selects Breakthrough Battlegroup
MG 42 Machine Gun Team
Grenadier Squad
Grenadier Squad
Grenadier Squad
Infanterie Officer Quarters
Construct Panzergrenadier Kompanie
Selects Assault Grenadiers
Selects Breakthrough
Selects Mechanized Assault Group
Mechanized Assault Group
Pak 40 Anti-tank Gun Team
Pioneer Squad
Selects Rapid Production
Construct Panzer Kompanie
Panzer IV Medium Tank
Breakthrough
Selects Blitzkrieg
Panzer IV Medium Tank
Medical Bunker
Pioneer Squad
Panzer IV Medium Tank
Repair Bunker
Panzer Officer Quarters
Stoßtruppen Squad
MG 42 Bunker
Selects Tiger Heavy Tank
Tiger Heavy Tank
Panzer IV Medium Tank
Side Skirts
Breakthrough
Pioneer Squad
MG 42 Bunker
ArmouredTopHat
AshCo Dismas
NotQuiteAKing
C_U_M_Unity HUSTLER
0
0
Comments
sign in to comment!
No comments posted yet!